 Dungeon Crawl Stone Soup version 0.28-a0-10-g964c8b8 (webtiles) character file.

Game seed: 6626584274953592609

41814 Geeful the Warrior (level 14, -3/159 HPs)
             Began as an Ogre Monk on July 25, 2021.
             Was the Champion of the Shining One.
             Slain by a seven-headed hydra (5 damage)
             ... while petrified by a basilisk
             ... on level 6 of the Lair of Beasts.
             The game lasted 01:11:43 (23411 turns).

Geeful the Warrior (Ogre Monk)                     Turns: 23411, Time: 01:11:43

Health: -3/159     AC: 16    Str: 19    XL:     14   Next: 17%
Magic:  14/14      EV:  1    Int: 11    God:    the Shining One [******]
Gold:   745        SH:  0    Dex: 14    Spells: 13/13 levels left

rFire   . . .      SeeInvis .   G - +0 giant spiked club
rCold   . . .      Faith    .   (shield currently unavailable)
rNeg    + + +      Spirit   .   A - +3 robe "Durimos" {+Blink rPois}
rPois   ∞          Reflect  .   j - +1 hat
rElec   .          Harm     .   q - +0 cloak
rCorr   .          Rampage  .   (gloves unavailable)
Will    +....                   (boots unavailable)
Stlth   +.........              B - amulet of regeneration
HPRegen 0.36/turn               J - +4 ring of protection
MPRegen 0.14/turn               C - +4 ring of protection

@: petrified, glowing
A: large, unfitting armour, tough skin 1
a: Renounce Religion, Evoke Blink, Divine Shield, Cleansing Flame, Summon Divine
Warrior, Brand Weapon With Holy Wrath


You were on level 6 of the Lair of Beasts.
You worshipped the Shining One.
The Shining One was exalted by your worship.
You visited 3 branches of the dungeon, and saw 18 of its levels.
You also visited: Gauntlet.

You collected 2273 gold pieces.
You spent 1528 gold pieces at shops.

Inventory:

Hand Weapons
 F - a +0 giant spiked club
 G - a +0 giant spiked club (weapon)
Missiles
 e - 3 curare-tipped darts (quivered)
 y - 32 poisoned darts
 N - 8 javelins
 Q - a throwing net
Armour
 j - a +1 hat (worn)
 q - a +0 cloak (worn)
 x - +0 acid dragon scales
 A - the +3 robe "Durimos" (worn) {+Blink rPois}
   (You bought it in a shop on level 2 of the Dungeon)

   rPois:     It protects you from poison.
   +Blink:    It lets you blink.
Jewellery
 b - a ring of see invisible
 g - a +6 ring of dexterity
 k - a ring of positive energy
 B - an amulet of regeneration (around neck)
 C - a +4 ring of protection (right hand)
 D - a ring of willpower
 H - an amulet of reflection
 J - a +4 ring of protection (left hand)
 K - the ring "Omony" {Fly Int+3}
   (You found it in a Gauntlet)

   [ring of flight]

   Int:       It affects your intelligence (+3).
   Fly:       It grants you flight.
 L - the ring "Dilit" {rElec rF+}
   (You found it in a Gauntlet)

   [ring of protection from fire]

   rF:        It protects you from fire.
   rElec:     It insulates you from electricity.
 P - a ring of fire
Wands
 c - a wand of digging (1)
 f - a wand of polymorph (18)
 m - a wand of iceblast (25)
 r - a wand of paralysis (25)
 t - a wand of acid (9)
 O - a wand of charming (7)
 R - a wand of flame (11)
Scrolls
 l - a scroll of magic mapping
 w - a scroll of teleportation
 I - a scroll of fear
 M - 6 scrolls of identify
Potions
 a - 2 potions of brilliance
 d - a potion of attraction
 h - a potion of flight
 i - a potion of haste
 n - a potion of magic
 o - a potion of ambrosia
 p - 6 potions of curing
 s - a potion of cancellation
 u - 2 potions of mutation
 v - a potion of lignification
 z - a potion of berserk rage
Miscellaneous
 E - a phantom mirror


   Skills:
 + Level 15.5 Fighting
 + Level 11.5 Maces & Flails
 + Level 12.0 Throwing
 + Level 11.5 Dodging
 - Level 1.4 Stealth


You had 13 spell levels left.
You didn't know any spells.
Your spell library contained the following spells:

 Spells                   Type           Power      Damage    Failure   Level
 Foxfire                  Conj/Fire      0%         2x1d4     34%         1
 Poisonous Vapours        Pois/Air       0%         N/A       47%         2
 Static Discharge         Conj/Air       0%         N/A       47%         2
 Conjure Flame            Conj/Fire      0%         6-21      71%         3
 Ignite Poison            Fire/Tmut/Pois 0%         N/A       71%         3
 Inner Flame              Hex/Fire       0%         N/A       71%         3
 Mephitic Cloud           Conj/Pois/Air  0%         N/A       71%         3
 Stone Arrow              Conj/Erth      0%         3d7       71%         3
 Blade Hands              Tmut           0%         N/A       100%        5
 Bolt of Magma            Conj/Fire/Erth 0%         4d4       100%        5
 Freezing Cloud           Conj/Ice/Air   0%         6-21      100%        5
 Irradiate                Conj/Tmut      0%         3d13      100%        5
 Lightning Bolt           Conj/Air       0%         1d11      100%        5
 Dragon Form              Tmut           0%         N/A       100%        7
 Maxwell's Capacitive Co  Air            0%         ∞         100%        8
 Shatter                  Erth           0%         3d5*      100%        9


Dungeon Overview and Level Annotations

Branches:
Dungeon (11/15)            Temple (1/1) D:5            Lair (6/6) D:10
  Swamp (0/4) Lair:3       Spider (0/4) Lair:2        Slime (0/5) Lair:5
    Orc (0/2) D:10        Gauntlet (visited)

Altars:
Ashenzari
Cheibriados
Dithmenos
Elyvilon
Fedhas
Gozag
Hepliaklqana
Kikubaaqudgha
Makhleb
Nemelex Xobeh
Okawaru
Qazlal
Ru
Sif Muna
Trog
Uskayaw
Vehumet
Wu Jian
Xom
Yredelemnul
Zin
The Shining One

Shops:
D:2 *[*!(   D:5 =

Portals:
Ice
Cave: Lair:6

Annotations:
D:2 exclusion: downstairs
D:3 exclusion: downstairs


Innate Abilities, Weirdness & Mutations

You are too large for most types of armour.
You have tough skin. (AC +1)


Message History

* * * LOW HITPOINT WARNING * * *
The seven-headed hydra bites you.
* * * LOW HITPOINT WARNING * * *
The seven-headed hydra bites you!
* * * LOW HITPOINT WARNING * * *
The seven-headed hydra bites you but does no damage. x2
The seven-headed hydra bites you. x2
* * * LOW HITPOINT WARNING * * *
The seven-headed hydra bites you.
* * * LOW HITPOINT WARNING * * *
The seven-headed hydra bites you.
* * * LOW HITPOINT WARNING * * *
The seven-headed hydra bites you!
* * * LOW HITPOINT WARNING * * *
A rime drake comes into view.
The white imp hits you but does no damage.
The seven-headed hydra bites you but does no damage.
The seven-headed hydra bites you.
* * * LOW HITPOINT WARNING * * *
The seven-headed hydra bites you but does no damage.
The seven-headed hydra bites you!
* * * LOW HITPOINT WARNING * * *
The seven-headed hydra bites you but does no damage.
The seven-headed hydra bites you.
* * * LOW HITPOINT WARNING * * *
The seven-headed hydra bites you but does no damage.
The cane toad stings you!
* * * LOW HITPOINT WARNING * * *
A komodo dragon comes into view.
The white imp hits you. The white imp freezes you.
* * * LOW HITPOINT WARNING * * *
The white imp hits you. The white imp freezes you.
* * * LOW HITPOINT WARNING * * *
The cane toad stings you!!
* * * LOW HITPOINT WARNING * * *
The seven-headed hydra bites you but does no damage. x2
The seven-headed hydra bites you!
* * * LOW HITPOINT WARNING * * *
The seven-headed hydra bites you!
You die...

**,,,*,,,,,,,,,,,****,*,,,,
*,,,....l......P.P**,****,,
**,.*....k.......#**,*,***,
***,..#....∩...........,,,,,
*,*,..................,,,,,,
*,,,.........!..............
***,........................
**,......55................
*,,,,,,*#P@D.#...#*..#.....
*,,,,*#...FP.....###..##...
*,,,**#.##..#.5.###...##...
*,,,,*#,,.YP#.....#.55##.l.
**,,,**,,..###.....55Y55...
*,,*,**#P..#.....######...
**,,**,*#...##..###*##.#...
*,,,*,,,....*#..#,,,#......
**,,,,,,,,,,.....,.........


You could see a seven-headed hydra, an elephant, a komodo dragon, a cane toad, a
rime drake and 3 white imps.

Vanquished Creatures
  Nessos (Lair:4)
  A minotaur (Gauntlet)
  The ghost of malesh the Slicer, a journeyman VSFi of Uskayaw (Lair:4)
  A boulder beetle (D:10)
  2 hydras
  A dancing weapon (Lair:4)
  2 two-headed ogres
  2 death yaks (Lair:4)
  Nergalle (Lair:2)
  A deep elf knight (D:9)
  Pikel (D:7)
  An ugly thing (D:11)
  An oklob plant (Lair:5)
  9 elephants
  2 black mambas
  A torpor snail (Lair:4)
  Joseph (D:10)
  6 cane toads
  A rime drake (Lair:1)
  An ice devil (Gauntlet)
  16 komodo dragons
  An efreet (D:9)
  2 hornets (D:9)
  16 blink frogs
  2 polar bears
  A troll (D:9)
  A redback (Lair:2)
  Sigmund (D:3)
  3 wraiths
  35 yaks
  2 spriggans (Lair:2)
  5 wyverns
  4 basilisks
  7 steam dragons
  4 acid dragons
  Menkaure (D:4)
  18 water moccasins
  4 orc warriors
  2 sky beasts (D:6)
  2 black bears
  18 wolves
  2 ice beasts
  A boggart (D:9)
  An ogre (D:5)
  A lemure (D:8)
  3 phantoms
  6 centaurs
  6 kobold brigands
  7 bullfrogs
  2 scorpions
  A wyvern skeleton (D:6)
  A water moccasin skeleton (D:6)
  6 killer bees
  8 wights
  5 howler monkeys
  An electric eel (Lair:5)
  5 centaur zombies
  2 bullfrog zombies (D:6)
  2 hounds
  2 centaur skeletons
  2 orc priests
  4 jellies
  A gnoll shaman (D:9)
  10 orc wizards
  Ijyb (D:5)
  Natasha (thrice) (D:3)
  2 iguanas (D:6)
  A killer bee zombie (D:9)
  A hound skeleton (D:4)
  Robin (D:3)
  3 gnolls (D:4)
  8 adders
  3 shadow imps (Gauntlet)
  8 white imps
  A worm (D:5)
  3 dart slugs
  24 orcs
  6 ball pythons
  8 endoplasms
  2 giant cockroaches
  15 goblins
  11 hobgoblins
  14 jackals
  18 kobolds
  4 quokkas
  A bat (D:2)
  3 frilled lizards
  5 rats
407 creatures vanquished.

Vanquished Creatures (others)
  2 yaks (Lair:5)
  An endoplasm (Lair:5)
  3 bushes (D:10)
  26 fungi
  43 plants
  3 withered plants (Gauntlet)
78 creatures vanquished.

Grand Total: 485 creatures vanquished

Notes
Turn   | Place    | Note
-------+----------+-------------------------------------------
     0 | D:1      | Geeful the Ogre Monk began the quest for the Orb.
     0 | D:1      | Reached XP level 1. HP: 24/24 MP: 1/1
   505 | D:1      | Reached XP level 2. HP: 32/32 MP: 2/2
   986 | D:1      | Reached XP level 3. HP: 29/40 MP: 3/3
  1212 | D:2      | Found Ymiwnomo's Weapon Shoppe.
  1242 | D:2      | Bought 5 curare-tipped darts for 33 gold pieces
  1669 | D:2      | Found Qomneyh's Distillery.
  1892 | D:2      | Found Waikluph's General Store.
  1893 | D:2      | Found a white marble altar of Elyvilon.
  1897 | D:2      | Found Vocesy's Armour Emporium.
  1951 | D:2      | Reached XP level 4. HP: 33/49 MP: 4/4
  2271 | D:2      | Found Qyvom's Assorted Antiques.
  2367 | D:2      | Found a faded altar of an unknown god.
  2464 | D:3      | Noticed Robin
  2473 | D:2      | Reached skill level 1 in Throwing
  2582 | D:3      | Noticed Sigmund
  2587 | D:3      | Killed Sigmund
  2588 | D:3      | Reached skill level 5 in Fighting
  2588 | D:3      | Reached XP level 5. HP: 57/57 MP: 5/5
  2588 | D:3      | Reached XP level 6. HP: 66/66 MP: 6/6
  2645 | D:3      | Killed Robin
  2912 | D:3      | Noticed Natasha
  2916 | D:3      | Killed Natasha
  3083 | D:3      | Noticed Natasha
  3091 | D:3      | Killed Natasha
  3658 | D:3      | Noticed Natasha
  3664 | D:3      | Killed Natasha
  3665 | D:3      | Reached skill level 6 in Fighting
  3911 | D:4      | Noticed Menkaure
  3984 | D:3      | Reached XP level 7. HP: 19/75 MP: 7/7
  4403 | D:5      | Entered Level 5 of the Dungeon
  5250 | D:4      | Killed Menkaure
  5251 | D:4      | Reached skill level 7 in Fighting
  5251 | D:4      | Reached XP level 8. HP: 85/87 MP: 8/8
  5348 | D:5      | Found a staircase to the Ecumenical Temple.
  5354 | Temple   | Entered the Ecumenical Temple
  5541 | Temple   | Became a worshipper of the Shining One
  5541 | Temple   | Reached * piety under the Shining One
  5541 | Temple   | Reached ** piety under the Shining One
  5579 | D:5      | Reached skill level 5 in Maces & Flails
  5579 | D:5      | Reached skill level 5 in Dodging
  6575 | D:5      | Noticed Ijyb
  6585 | D:5      | Killed Ijyb
  6705 | D:5      | You fall into a shaft and drop 2 floors!
  6787 | D:7      | Reached skill level 8 in Fighting
  7083 | D:6      | Reached skill level 5 in Throwing
  7149 | D:6      | Reached XP level 9. HP: 89/97 MP: 9/9
  7296 | D:5      | Found Vufaixirph's Jewellery Boutique.
  7724 | D:6      | Found a snail-covered altar of Cheibriados.
  7775 | D:6      | Reached *** piety under the Shining One
  8196 | D:6      | Reached skill level 9 in Fighting
  9467 | D:7      | Found a stormy altar of Qazlal.
  9499 | D:7      | Found a shimmering blue altar of Sif Muna.
  9576 | D:7      | Found an ornate altar of the Wu Jian Council.
 10319 | D:8      | Noticed Pikel
 10343 | D:7      | Killed Pikel
 10344 | D:7      | Reached skill level 10 in Fighting
 10344 | D:7      | Reached XP level 10. HP: 73/110 MP: 10/10
 11294 | D:9      | Identified a scroll of acquirement
 11294 | D:9      | Acquired 1296 gold pieces
 11460 | D:2      | Bought the +3 robe "Durimos" {+Blink rPois} for 440 gold
                  | pieces
 11522 | D:2      | Bought a triangular filigree amulet for 110 gold pieces
 11539 | D:2      | Bought an emerald potion for 19 gold pieces
 11539 | D:2      | Bought a worn lead wand for 88 gold pieces
 11551 | D:2      | Bought a scroll of identify for 44 gold pieces
 11584 | D:2      | Bought a scroll of identify for 20 gold pieces
 11584 | D:2      | Bought a scroll of identify for 20 gold pieces
 11651 | D:5      | Bought a +4 ring of protection for 504 gold pieces
 11732 | D:2      | Bought a ring of willpower for 250 gold pieces
 12440 | D:9      | Reached skill level 11 in Fighting
 12468 | D:9      | Noticed a two-headed ogre
 12494 | D:9      | Killed a two-headed ogre
 12495 | D:9      | Reached XP level 11. HP: 66/120 MP: 11/11
 12581 | D:9      | Paralysed by a hornet for 1 turns
 12681 | D:9      | Noticed a deep elf knight
 12689 | D:9      | Killed a deep elf knight
 13121 | D:10     | Entered Level 10 of the Dungeon
 13161 | D:10     | Reached **** piety under the Shining One
 13168 | D:10     | Reached skill level 12 in Fighting
 13285 | D:10     | Noticed a two-headed ogre
 13286 | D:10     | Noticed Joseph
 13309 | D:10     | Killed a two-headed ogre
 13709 | D:10     | Killed Joseph
 13868 | D:10     | Found a staircase to the Lair.
 13890 | D:10     | Found a broken altar of Ashenzari.
 13895 | D:10     | Found a radiant altar of Vehumet.
 13898 | D:10     | Found a burning altar of Makhleb.
 14046 | D:10     | Found a glowing silver altar of Zin.
 14140 | D:10     | Noticed a boulder beetle
 14150 | D:10     | Killed a boulder beetle
 14151 | D:10     | Reached XP level 12. HP: 133/133 MP: 12/12
 14170 | D:10     | Found a staircase to the Orcish Mines.
 14772 | D:11     | Reached skill level 13 in Fighting
 15127 | Lair:1   | Entered Level 1 of the Lair of Beasts
 15478 | Lair:1   | Reached skill level 10 in Throwing
 16242 | Lair:1   | Reached skill level 10 in Maces & Flails
 16534 | Lair:1   | Reached skill level 10 in Dodging
 16889 | Lair:2   | Found a hole to the Spider Nest.
 16960 | Lair:2   | Noticed Nergalle
 16973 | Lair:2   | Killed Nergalle
 17454 | Lair:2   | Reached skill level 14 in Fighting
 17454 | Lair:2   | Reached XP level 13. HP: 117/146 MP: 13/13
 17600 | Lair:2   | Reached ***** piety under the Shining One
 18127 | Lair:3   | Found a staircase to the Swamp.
 18169 | Lair:3   | Found a gate leading to a gauntlet.
 18178 | Gauntlet | Entered a Gauntlet
 18178 | Gauntlet | Found a transporter.
 18178 | Gauntlet | Found a transporter.
 18187 | Gauntlet | Found a transporter.
 18203 | Gauntlet | Found a transporter.
 18229 | Gauntlet | Found a transporter.
 18239 | Gauntlet | Found a transporter.
 18242 | Gauntlet | Found a transporter.
 18261 | Gauntlet | Found a transporter.
 18345 | Gauntlet | Found a transporter.
 18345 | Gauntlet | Found a transporter.
 18358 | Gauntlet | Found a transporter.
 18365 | Gauntlet | Noticed a reaper
 18374 | Gauntlet | Found a transporter.
 18375 | Gauntlet | Found a transporter.
 18420 | Gauntlet | Found a transporter.
 18468 | Gauntlet | Found a transporter.
 18487 | Gauntlet | Found a transporter.
 18658 | Gauntlet | Identified the ring "Omony" {Fly Int+3}
 18728 | Gauntlet | Identified the ring "Dilit" {rElec rF+}
 18748 | Gauntlet | Noticed a minotaur
 18758 | Gauntlet | Killed a minotaur
 20300 | Lair:4   | Found a runed translucent door.
 20352 | Lair:4   | Found an ancient bone altar of Kikubaaqudgha.
 20380 | Lair:4   | Found a shimmering altar of Xom.
 20380 | Lair:4   | Noticed malesh's ghost (journeyman VSFi)
 20399 | Lair:4   | Killed malesh's ghost
 20817 | Lair:4   | Reached skill level 15 in Fighting
 21095 | Lair:4   | Noticed Nessos
 21105 | Lair:4   | Killed Nessos
 22574 | Lair:5   | Found a staircase to the Slime Pits.
 22608 | Lair:5   | Reached XP level 14. HP: 159/159 MP: 14/14
 23019 | Lair:6   | Entered Level 6 of the Lair of Beasts
 23386 | Lair:6   | Found a frozen archway.
 23387 | Lair:6   | Reached ****** piety under the Shining One
 23411 | Lair:6   | HP: 7/159 [cane toad (9)]
 23411 | Lair:6   | HP: 2/159 [seven-headed hydra (5)]
 23411 | Lair:6   | Slain by a seven-headed hydra

Illustrated notes

Levels and vault maps discovered:
D:1:      saegor_arrival_miasma, layout_basic
D:2:      layout_rooms, basic_altar, hellmonk_ecumenical_altar_inner_sanctum,
          serial_shops, nicolae_shop_competitors_out_of_business, shop,
          nicolae_diamond_shop, nicolae_shop_trees,
          nicolae_shop_competitors_out_of_business
D:3:      layout_rooms, uniq_sigmund, uniq_natasha, uniq_robin
D:4:      cheibrodos_old_hovel, layout_cave_pools, uniq_menkaure
D:5:      layout_loops_cross, minmay_temple_entry_hall, serial_shops,
          kennysheep_mini_moat, minmay_fountain_box, uniq_ijyb
D:6:      layout_gridville, kennysheep_slug_shrine, kennysheep_generic_room_3
D:7:      layout_rooms, mainiacjoe_overflow_two_lobes,
          nicolae_wu_jian_glorious_leap, grunt_ministairs_6,
          hangedman_abyss_or_decor_passed
D:8:      layout_rooms, serial_aquarium, aquarium_bridge_straight
          [aquarium_subvault_bridge, aquarium_subvault_wall,
          aquarium_subvault_bridge, aquarium_subvault_wall],
          aquarium_bridge_square [aquarium_subvault_bridge,
          aquarium_subvault_bridge, aquarium_subvault_wall,
          aquarium_subvault_balcony], aquarium_window_2, aquarium_window_2,
          aquarium_view_2c, aquarium_view_2c, aquarium_pool_2, uniq_pikel
D:9:      nzn_winding_woodlands_medium [nzn_winding_woodlands_5x5_open_star,
          nzn_winding_woodlands_5x15_parted, nzn_winding_woodlands_5x5_three,
          nzn_winding_woodlands_5x5_cross,
          nzn_winding_woodlands_center_pierced_h,
          nzn_winding_woodlands_5x5_checkerboard,
          nzn_winding_woodlands_5x5_perimeter,
          nzn_winding_woodlands_5x15_river_crossing,
          nzn_winding_woodlands_hourglass], layout_long_grid,
          minmay_misc_feat_diagonals
D:10:     layout_roguey, nicolae_overflow_quartered_altars,
          minmay_lair_entry_grove, david_orc_2, hangedman_decor_growths,
          uniq_joseph
D:11:     layout_layer_cave, uniq_urug
Temple:   dpeg_chambers_temple
Lair:1:   layout_loops_ring, serial_bayou_shore_a
Lair:2:   layout_chaotic_city, spider_nest_entry_webs, columned_hall_lemuel,
          forest_entry_grove, grunt_megastairs_4, lemuel_fruit_tree,
          uniq_nergalle
Lair:3:   layout_cave_shapes, swamp_mist_pool, gauntlet_entry_generic
Lair:4:   layout_cave_pods, ebering_ghost_xom, basic_altar,
          grunt_forest_stairs_basic, uniq_nessos
Lair:5:   layout_gridlike, nicolae_slime_entry_slimehenge,
          chequers_serial_rivers_marsh
Lair:6:   minmay_lair_end_enchanted_forest, layout_regular_city,
          portal_ice_cave_entry_imps, amcnicky_altar_lugonu_corruption

Skill      XL: |  1  2  3  4  5  6  7  8  9 10 11 12 13 14 |
---------------+-------------------------------------------+-----
Dodging        | 3 4 5 7 8 9 10 11 | 11.5
Maces & Flails | 3 4 5 7 8 9 10 11 | 11.5
Throwing       | 2 3 5 6 8 9 10 11 12 | 12.0
Fighting       | 5 6 7 8 10 11 12 14 15 | 15.5
Stealth        | |  1.4

Action                   |  1- 3 |  4- 6 |  7- 9 | 10-12 | 13-15 || total
-------------------------+-------+-------+-------+-------+-------++-------
Melee: Mace              |   134 |    20 |       |       |       ||   154
       Scythe            |       |   103 |     8 |       |       ||   111
       Giant club        |       |       |   240 |   100 |       ||   340
       Giant spiked club |       |       |       |   419 |   293 ||   712
Throw: Dart              |       |     3 |     7 |    25 |    81 ||   116
       Javelin           |       |       |       |       |     5 ||     5
Evoke: Wand              |       |       |       |     5 |    12 ||    17
  Use: Scroll            |       |     1 |     8 |    12 |     6 ||    27
       Potion            |       |     3 |     2 |     2 |     4 ||    11
 Stab: Sleeping          |     2 |       |       |       |       ||     2
Armor: Robe              |    34 |    44 |    57 |   223 |   169 ||   527
       Acid dragon scale |       |       |     2 |     8 |     2 ||    12
Dodge: Dodged            |    81 |   126 |   172 |   355 |   238 ||   972
Block: Other             |       |       |       |    85 |    81 ||   166
       Reflection        |       |       |       |       |     1 ||     1

Table legend: (Time is in decaauts)
 A = Elapsed time spent in this place.
 B = Non-inter-level travel time spent in this place.
 C = Inter-level travel time spent in this place.
 D = Time resting spent in this place.
 E = Time spent auto-exploring this place.
 F = Levels seen in this place.
 G = Mean time per level.
                   A        B        C        D        E       F      G
               +--------+--------+--------+--------+--------+-----+--------+
         Total |  23846 |  22895 |    951 |   3460 |  14237 |  19 | 1255.1 |
       Dungeon |  15263 |  14457 |    806 |   2667 |   8351 |  11 | 1387.5 |
        Temple |    214 |    187 |     27 |      0 |    180 |   1 |  214.0 |
          Lair |   7810 |   7693 |    117 |    793 |   5705 |   6 | 1301.7 |
      Gauntlet |    557 |    557 |      0 |      0 |      0 |   1 |  557.0 |
               +--------+--------+--------+--------+--------+-----+--------+

Top non-repeatable levels by time:
     D:2: 2049 daAuts
  Lair:4: 1961 daAuts
     D:7: 1741 daAuts
  Lair:1: 1718 daAuts
     D:9: 1549 daAuts
     D:5: 1515 daAuts
  Lair:5: 1476 daAuts
    D:10: 1461 daAuts
     D:6: 1437 daAuts
     D:3: 1365 daAuts
  Lair:2: 1339 daAuts
     D:1: 1227 daAuts
     D:8: 1226 daAuts
  Lair:3: 1203 daAuts
     D:4: 1080 daAuts
